 Dungeon Crawl Stone Soup version 0.21-a0-504-g2eda330 (webtiles) character file.

110 mortelune the Covered (level 4, -1/29 HPs)
             Began as a Gargoyle Fighter on Nov 26, 2017.
             Killed from afar by Natasha (9 damage)
             ... with a wand of flame (8)
             ... on level 2 of the Dungeon.
             The game lasted 00:03:46 (2042 turns).

mortelune the Covered (Gargoyle Fighter)            Turns: 2042, Time: 00:03:46

Health: -1/29      AC: 11    Str: 20    XL:     4   Next: 91%
Magic:  4/4        EV:  7    Int:  9    God:
Gold:   94         SH:  9    Dex:  9    Spells: 3/3 levels left

rFire    . . .     SeeInvis .   a - +0 flail
rCold    . . .     Gourm    .   c - +0 shield
rNeg     + . .     Faith    .   b - +0 scale mail
rPois    ∞         Spirit   .   (no helmet)
rElec    +         Reflect  .   (no cloak)
rCorr    .         Harm     .   t - +0 pair of gloves
MR       .....                  (no boots)
Stlth    ..........             (no amulet)
HPRegen  0.09/turn              l - ring of wizardry
MPRegen  0.09/turn              (no ring)

@: no status effects
A: negative energy resistance 1, electricity resistance, unbreathing,
petrification resistance, rot immunity, AC +3
a: no special abilities


You were on level 2 of the Dungeon.
You were hungry.

You visited 1 branch of the dungeon, and saw 2 of its levels.

You collected 94 gold pieces.

Inventory:

Hand Weapons
 a - a +0 flail (weapon)
Missiles
 e - 39 stones (quivered)
Armour
 b - a +0 scale mail (worn)
 c - a +0 shield (worn)
 t - a +0 pair of gloves (worn)
Jewellery
 l - a ring of wizardry (left hand)
Scrolls
 g - 3 scrolls of remove curse {unknown}
 h - 2 scrolls of teleportation {unknown}
 n - 3 scrolls of identify {unknown}
 o - 2 scrolls of enchant weapon {unknown}
 q - a scroll of enchant armour {unknown}
 s - a scroll of fear {unknown}
Potions
 d - a potion of might
 i - a potion of lignification {unknown}
 k - a potion of mutation {unknown}
 m - 2 potions of curing {unknown}
 p - 2 potions of brilliance {unknown}
 u - 2 potions of resistance {unknown}
Comestibles
 f - a bread ration
 j - 3 meat rations


   Skills:
 + Level 4.1 Fighting
 * Level 3.7 Maces & Flails
 + Level 4.1 Armour
 - Level 3.2 Shields


You had 3 spell levels left.
You didn't know any spells.

Dungeon Overview and Level Annotations

Branches:
Dungeon (2/15)

Altars:

Annotations:
D:2 Natasha


Innate Abilities, Weirdness & Mutations

You are resistant to torment.
Your stone body is resilient. (AC +3)
You are immune to poison.
You resist negative energy. (rN+)
You are resistant to electric shocks. (rElec)
You can survive without breathing.
You are immune to petrification.
You are immune to rotting.


Message History

Natasha growls.
Natasha zaps a wand.
The puff of flame hits you!
Natasha zaps a wand.
The puff of flame hits you!
* * * LOW HITPOINT WARNING * * *
Natasha casts a spell at you. You resist with some effort.
There is an open door here.
Natasha howls an incantation.
Natasha's front paws start to glow.
Natasha wildly gestures.
You feel troubled.
There is an open door here.
Natasha zaps a wand.
The puff of flame hits you!
* * * LOW HITPOINT WARNING * * *
Natasha mumbles some strange words.
There is an escape hatch in the ceiling here.
Natasha howls an incantation.
You feel troubled.
Natasha zaps a wand.
The puff of flame hits you!
You die...

#......# ##.....## #.#
#..###.# ##.5.## ##.# #..#
#.# ##'## #..# #..# #.#
#h# #.## ###..###.# #.#
#.# #........# ##.## #.#
#.#..###.#####...## #.#
#.#...............# #.#
#.##.###.......@.#######.#
#.##.###......#..........#
#.##..........#.##########
#.........(.....#
#################


You could see Natasha and a crimson imp.

Vanquished Creatures
  Natasha (twice) (D:2)
  2 adders (D:2)
  An ooze (D:1)
  3 worms (D:2)
  A dart slug (D:2)
  3 hobgoblins (D:1)
  4 jackals (D:2)
  A quokka (D:2)
  2 ball pythons
  4 bats (D:2)
  4 frilled lizards
  A goblin (D:2)
  3 kobolds
  A rat (D:2)
32 creatures vanquished.

Notes
Turn   | Place    | Note
-------+----------+-------------------------------------------
     0 | D:1      | mortelune the Gargoyle Fighter began the quest for the Orb.
     0 | D:1      | Reached XP level 1. HP: 14/14 MP: 1/1
   418 | D:1      | Reached XP level 2. HP: 19/19 MP: 2/2
   822 | D:2      | Noticed Natasha
   828 | D:2      | Noticed a crimson imp
   836 | D:2      | Noticed a crimson imp
   845 | D:2      | Killed Natasha
   845 | D:2      | Reached XP level 3. HP: 1/24 MP: 3/3
  1247 | D:2      | Reached XP level 4. HP: 25/29 MP: 4/4
  1843 | D:2      | Noticed Natasha
  1853 | D:2      | Killed Natasha
  1976 | D:2      | Noticed Natasha
  2042 | D:2      | Killed from afar by Natasha

Vault maps used:
D:1:      onia_arrival_mini_maze
D:2:      serial_bayou_lagoon_b, uniq_natasha

Skill      XL: |  1  2  3  4 |
---------------+-------------+-----
Maces & Flails | 3 |  3.7
Fighting       | 4 |  4.1
Armour         | 4 |  4.1
Shields        | |  3.2

Action                   |  1- 3 |  4- 6 || total
-------------------------+-------+-------++-------
Melee: Flail             |    83 |    46 ||   129
  Use: Potion            |     1 |       ||     1
  Eat: Chunk             |     1 |     2 ||     3
Armor: Scale mail        |    60 |    22 ||    82
Dodge: Dodged            |    43 |    10 ||    53
Block: Shield            |    53 |    17 ||    70

Table legend:
 A = Spawn XP
 B = Non-spawn XP
 C = Spawn XP percentage of total XP
 D = Spawn monster count
 E = Non-spawn monster count
 F = Spawn count percentage of total count
 G = Total turns spent on level
                    A         B        C        D         E        F      G
               +---------+---------+-------+---------+---------+-------+---------
         Total |       0 |     158 |   0.0 |       0 |      32 |   0.0 |  2042
               +---------+---------+-------+---------+---------+-------+---------
           D:1 |       0 |      16 |   0.0 |       0 |       7 |   0.0 |   615
           D:2 |       0 |     142 |   0.0 |       0 |      25 |   0.0 |  1427
               +---------+---------+-------+---------+---------+-------+---------
